 Dungeon Crawl Stone Soup version 0.21.0-24-g2553a33 (webtiles) character file.

12781 juanjsm the Covert (level 11, -4/56 HPs)
             Began as a Spriggan Enchanter on Jan 16, 2018.
             Was a High Priest of Okawaru.
             Killed from afar by an oklob plant (6 damage)
             ... with a splash of acid
             ... on level 1 of the Lair of Beasts on Jan 21, 2018.
             The game lasted 01:01:13 (12722 turns).

juanjsm the Covert (Spriggan Enchanter)            Turns: 12722, Time: 01:01:14

Health: -4/56      AC:  3    Str:  4    XL:     11   Next: 67%
Magic:  29/34      EV: 27    Int: 20    God:    Okawaru [*****.]
Gold:   733        SH:  0    Dex: 17    Spells: 17/28 levels left

rFire    . . .     SeeInvis +   f - +0 dagger (venom)
rCold    . . .     Gourm    .   (shield restricted)
rNeg     . . .     Faith    .   b - +0 robe
rPois    .         Spirit   .   a - +1 hat
rElec    .         Reflect  .   w - +0 cloak
rCorr    .         Harm     .   (gloves unavailable)
MR       +....                  (boots unavailable)
Stlth    +++++.....             (no amulet)
HPRegen  0.18/turn              Q - ring of magical power
MPRegen  0.24/turn              o - +3 ring of protection

@: corroded, very quick
A: very small, unfitting armour, see invisible, herbivore, speed 3, slow
metabolism 2
a: Heroism, Finesse, Renounce Religion


You were on level 1 of the Lair of Beasts.
You worshipped Okawaru.
Okawaru was extremely pleased with you.
You were not hungry.

You visited 3 branches of the dungeon, and saw 13 of its levels.
You also visited: Sewer.

You collected 766 gold pieces.
You spent 33 gold pieces at shops.

Inventory:

Hand Weapons
 f - a +0 dagger of venom (weapon)
Armour
 a - a +1 hat (worn)
 b - a +0 robe (worn)
 w - a +0 cloak (worn)
Jewellery
 o - a +3 ring of protection (right hand)
 Q - a ring of magical power (left hand)
Scrolls
 e - 4 scrolls of blinking
 h - a scroll of identify
 l - 6 scrolls of remove curse
 u - 6 scrolls of teleportation
 y - 4 scrolls of noise {unknown}
 C - 2 scrolls of enchant armour {unknown}
 E - 2 scrolls of immolation {unknown}
Potions
 g - 4 potions of curing
 i - a potion of lignification
 j - 6 potions of heal wounds
 k - a potion of cancellation
 n - 3 potions of resistance
 q - 3 potions of flight
 r - 2 potions of magic
 s - 2 potions of ambrosia
 z - 2 potions of brilliance
 A - 2 potions of might
 G - a potion of haste
 M - a potion of berserk rage
Miscellaneous
 c - a phial of floods
Comestibles
 d - 20 rations


   Skills:
 + Level 6.1 Fighting
 + Level 8.3 Short Blades
 + Level 10.9 Dodging
 + Level 12.1 Stealth
 + Level 9.3 Spellcasting
 + Level 9.6 Hexes
 + Level 6.3 Evocations


You had 17 spell levels left.
You knew the following spells:

 Your Spells              Type           Power        Failure   Level  Hunger
a - Corona                Hex            #####..      1%          1    None
b - Ensorcelled Hibernat  Hex/Ice        ####..       1%          2    None
c - Confuse               Hex            #####...     1%          3    None
d - Dazzling Spray        Conj/Hex       ####..       3%          3    None
e - Passwall              Tmut/Erth      #.........   11%         2    None


Dungeon Overview and Level Annotations

Branches:
Dungeon (10/15)            Temple (1/1) D:7            Lair (2/6) D:10
  Swamp: Lair:2-4    Shoals: Lair:2-4     Snake: Lair:2-4    Spider: Lair:2-4
    Orc: D:9-12

Altars:
Ashenzari
Cheibriados
Dithmenos
Elyvilon
Fedhas
Gozag
Hepliaklqana
Kikubaaqudgha
Makhleb
Nemelex Xobeh
Okawaru
Qazlal
Ru
Sif Muna
Trog
Uskayaw
Vehumet
Wu Jian
Xom
Yredelemnul
Zin
The Shining One
Jiyva

Shops:
D:5 ?   D:6 *

Annotations:
D:3 Swippen's ghost, amateur GnWn
D:9 Gastronok
Lair:1 exclusion: oklob plant


Innate Abilities, Weirdness & Mutations

You are very small and have problems with some larger weapons.
You are too small for most types of armour.
You have supernaturally acute eyesight. (SInv)
You are a herbivore.
You cover ground extremely quickly.
You need consume almost no food.


Message History

Aiming: Dazzling Spray
Press: ? - help, Shift-Dir - straight line, f - oklob plant
Aim: an oklob plant The spray of energy hits the oklob plant.
Casting: Dazzling Spray
Confirm with . or Enter, or press ? or * to list all spells.
Aiming: Dazzling Spray
Press: ? - help, Shift-Dir - straight line, f/p - oklob plant
Aim: an oklob plant The spray of energy hits the oklob plant.
The oklob plant spits acid at you. The splash of acid hits you!
You are splashed with acid!
The acid burns!
* * * LOW HITPOINT WARNING * * *
You feel much better. The oklob plant spits acid at you.
The splash of acid hits you!
You are splashed with acid!
The acid burns!
* * * LOW HITPOINT WARNING * * *
The oklob plant spits acid at you. The splash of acid hits you!
You die...

.##.###P###.#####...##
############# .....##
.........# ###.....#
.P#.###..# #.......#
##### ##.# #.....#.#
.# #†# #...P...# ##
#(# #.......# # #.##
#..#.#### # ####.P#
#.@..# #
##.#...#####.#### #
#...§#.......## #
#.##...####...#
####..##.#####..##
................#
..........####.##
P###.#...## ##.# ##
#.#..## #..#


You could see an oklob plant.

Vanquished Creatures
  2 two-headed ogres
  Pikel (D:8)
  Psyche (D:8)
  The ghost of Zorot the Shield-Bearer, a novice FoFi of Qazlal (D:9)
  4 spiny frogs (Lair:1)
  The ghost of othur the Cudgeler, a novice GrFi of Nemelex Xobeh (D:4)
  A hornet (D:8)
  4 hippogriffs
  6 slime creatures (D:9)
  Grinder (D:4)
  5 blink frogs (Lair:1)
  A spriggan (D:7)
  Eustachio (D:4)
  A hungry ghost (D:8)
  A water moccasin (D:6)
  2 porcupines (D:10)
  2 sky beasts
  7 orc warriors
  2 ice beasts
  A phantom (D:10)
  3 centaurs
  5 ogres
  A crocodile (D:10)
  2 big kobolds
  11 bullfrogs
  5 scorpions
  9 killer bees
  5 wights (D:7)
  3 electric eels
  3 howler monkeys
  6 crimson imps
  Crazy Yiuf (D:4)
  A centaur zombie (D:8)
  6 hounds
  4 orc wizards
  A bullfrog skeleton (D:9)
  7 orc priests
  2 jellies (D:9)
  Natasha (thrice) (D:4)
  4 iguanas
  11 worker ants
  2 worker ant zombies
  A howler monkey skeleton (D:4)
  3 gnolls (D:3)
  11 adders
  5 shadow imps
  2 oozes
  An adder skeleton (D:7)
  A worm (D:2)
  2 dart slugs
  9 leopard geckos
  44 orcs
  4 ball pythons
  9 bats
  8 giant cockroaches
  9 goblins
  10 hobgoblins
  9 jackals
  29 kobolds
  5 quokkas
  10 frilled lizards
  2 jackal skeletons
  2 quokka skeletons
  10 rats
326 creatures vanquished.

Vanquished Creatures (others)
  A slave (D:8)
  A scorpion (D:8)
  2 orcs (D:9)
  5 fungi
  2 plants
11 creatures vanquished.

Grand Total: 337 creatures vanquished

Notes
Turn   | Place    | Note
-------+----------+-------------------------------------------
     0 | D:1      | juanjsm the Spriggan Enchanter began the quest for the Orb.
     0 | D:1      | Reached XP level 1. HP: 9/9 MP: 5/5
     6 | D:1      | Noticed a swamp worm
     6 | D:1      | Noticed a rime drake
     6 | D:1      | Noticed a polar bear
     7 | D:1      | Noticed a komodo dragon
     7 | D:1      | Noticed a water moccasin
   106 | D:1      | Reached XP level 2. HP: 10/13 MP: 3/6
   133 | D:1      | Learned a level 2 spell: Ensorcelled Hibernation
   468 | D:1      | Reached XP level 3. HP: 17/17 MP: 8/8
   577 | D:1      | Learned a level 3 spell: Confuse
   702 | D:2      | Reached skill level 5 in Stealth
   930 | D:2      | Reached XP level 4. HP: 20/21 MP: 3/9
   941 | D:2      | Learned a level 3 spell: Dazzling Spray
  1313 | D:3      | Reached skill level 1 in Fighting
  1693 | D:4      | Noticed Eustachio
  1698 | D:4      | Reached XP level 5. HP: 20/25 MP: 5/11
  1829 | D:3      | Noticed Swippen's ghost (amateur GnWn)
  2511 | D:4      | Reached skill level 6 in Stealth
  2511 | D:4      | Reached XP level 6. HP: 21/30 MP: 7/12
  2522 | D:4      | Noticed othur's ghost (novice GrFi)
  2562 | D:4      | Found a basalt altar of Yredelemnul.
  2616 | D:4      | Noticed Grinder
  2620 | D:4      | Paralysed by Grinder for 4 turns
  2639 | D:4      | Killed Grinder
  2639 | D:4      | Reached skill level 5 in Dodging
  2639 | D:4      | Reached skill level 5 in Hexes
  2736 | D:4      | Reached XP level 7. HP: 31/35 MP: 8/14
  2766 | D:4      | Noticed Natasha
  2785 | D:4      | Killed Natasha
  2861 | D:4      | Noticed Natasha
  2874 | D:4      | Killed Natasha
  3218 | D:4      | Noticed Natasha
  3238 | D:4      | Killed Natasha
  3343 | D:4      | Killed Eustachio
  3343 | D:4      | Reached skill level 7 in Stealth
  3488 | D:4      | Killed othur's ghost
  3488 | D:4      | Reached skill level 5 in Spellcasting
  3488 | D:4      | Reached XP level 8. HP: 30/40 MP: 6/16
  3701 | D:4      | Found a runed door.
  3823 | D:4      | Noticed Crazy Yiuf
  3832 | D:4      | Killed Crazy Yiuf
  3885 | D:5      | Entered Level 5 of the Dungeon
  3919 | D:5      | Found Idocakhlo's Magic Scroll Shop.
  3927 | D:5      | Bought a scroll of remove curse for 33 gold pieces
  4082 | D:5      | Found a hide-covered altar of Uskayaw.
  4169 | D:5      | Found a stormy altar of Qazlal.
  4176 | D:5      | Found an ancient bone altar of Kikubaaqudgha.
  4498 | D:5      | Found a glowing drain.
  4586 | Sewer    | Entered a sewer
  5425 | D:6      | Reached skill level 8 in Stealth
  5489 | D:6      | Reached skill level 5 in Short Blades
  5506 | D:6      | Noticed a hippogriff
  5590 | D:6      | Noticed a troll
  5801 | D:6      | Found Ravirr's General Store.
  6130 | D:6      | Reached XP level 9. HP: 45/45 MP: 16/19
  6663 | D:6      | Reached skill level 9 in Stealth
  6920 | D:6      | Found a radiant altar of Vehumet.
  6956 | D:6      | Learned a level 2 spell: Passwall
  7284 | D:7      | Reached skill level 1 in Evocations
  7448 | D:7      | Found an iron altar of Okawaru.
  7486 | D:7      | Found a faded altar of an unknown god.
  7488 | D:7      | Found a staircase to the Ecumenical Temple.
  7495 | Temple   | Entered the Ecumenical Temple
  7694 | Temple   | Upgraded the game from 0.21.0-3-g78d12a8 to 0.21.0-24-g2553a33
  7799 | D:7      | Became a worshipper of Warmaster Okawaru
  8288 | D:8      | Reached * piety under Okawaru
  8378 | D:8      | Reached XP level 10. HP: 51/51 MP: 18/22
  8393 | D:8      | Found a bloodstained altar of Trog.
  8419 | D:8      | Reached skill level 10 in Stealth
  8427 | D:8      | Noticed Pikel
  8459 | D:8      | Killed Pikel
  8459 | D:8      | Reached ** piety under Okawaru
  8548 | D:8      | Noticed a two-headed ogre
  8553 | D:8      | Killed a two-headed ogre
  8553 | D:8      | Reached skill level 5 in Fighting
  8747 | D:8      | Noticed Psyche
  8763 | D:8      | Killed Psyche
  8770 | D:8      | Reached *** piety under Okawaru
  9238 | D:9      | Found a transporter.
  9362 | D:9      | Reached skill level 5 in Evocations
  9410 | D:9      | Noticed Gastronok
  9457 | D:9      | Found a viscous altar of Jiyva.
  9519 | D:9      | Found a transporter.
  9526 | D:9      | Reached skill level 11 in Stealth
  9528 | D:9      | Reached **** piety under Okawaru
  9645 | D:9      | Noticed Zorot's ghost (novice FoFi)
  9694 | D:8      | Reached skill level 10 in Dodging
  9694 | D:8      | Reached XP level 11. HP: 42/56 MP: 2/24
 10914 | D:9      | Killed Zorot's ghost
 11092 | D:10     | Entered Level 10 of the Dungeon
 11110 | D:10     | Reached ***** piety under Okawaru
 11214 | D:10     | Noticed a two-headed ogre
 11222 | D:10     | Killed a two-headed ogre
 11530 | D:10     | Found a staircase to the Lair.
 11767 | D:10     | Found a snail-covered altar of Cheibriados.
 11858 | Lair:1   | Entered Level 1 of the Lair of Beasts
 11858 | Lair:1   | Noticed an oklob plant
 12467 | Lair:1   | Received a gift from Okawaru
 12467 | Lair:1   | Reached skill level 12 in Stealth
 12721 | Lair:1   | HP: 2/56 [acid (16)]
 12722 | Lair:1   | Killed from afar by an oklob plant

Skill      XL: |  1  2  3  4  5  6  7  8  9 10 11 |
---------------+----------------------------------+-----
Spellcasting   | 3 4 5 6 7 8 9 |  9.3
Hexes          | 4 5 6 7 8 9 |  9.6
Stealth        | 5 6 7 8 9 11 12 | 12.1
Short Blades   | 2 3 4 5 6 7 8 |  8.3
Dodging        | 4 5 6 7 8 10 | 10.9
Fighting       | 1 2 3 4 5 6 |  6.1
Evocations     | 3 5 6 |  6.3

Action                   |  1- 3 |  4- 6 |  7- 9 | 10-12 || total
-------------------------+-------+-------+-------+-------++-------
Melee: Dagger            |    93 |   149 |   482 |   272 ||   996
 Cast: Corona            |     6 |       |       |       ||     6
       Ensorcelled Hiber |    20 |    35 |    88 |   115 ||   258
       Confuse           |       |     5 |    45 |    44 ||    94
       Dazzling Spray    |       |     1 |     1 |     4 ||     6
  Use: Scroll            |       |       |    12 |     2 ||    14
       Potion            |       |       |       |     1 ||     1
 Stab: Sleeping          |    17 |    24 |    68 |    74 ||   183
       Confused          |       |     3 |    22 |    20 ||    45
       Invisible         |       |     1 |       |     2 ||     3
       Distracted        |       |       |     1 |     3 ||     4
  Eat: Ration            |       |     2 |     4 |     2 ||     8
Armor: Robe              |     6 |    26 |    25 |    13 ||    70
Dodge: Dodged            |    88 |   133 |   272 |   203 ||   696
